Map: Jagannatha LE

Players

SeijisFan

  • Race: Protoss Protoss
  • League: Diamond

VaeVictisSC - Winner!

  • Race: Zerg Zerg
  • League: Diamond

VOD

Have the link to the VOD?

Description

Time

  • Played on: Oct. 1, 2021, 8:39 p.m.
  • Length: 8:22
Show
View Real Time Build Order
Export as new Build Order

SeijisFan Protoss 

Build Orders: Zealot Archon, Dark Templar Rush 

Get SALT Encoding   

  12  0:00  Probe  
  13  0:12  Probe  
  14  0:20  Pylon  
  14  0:24  Probe  
  15  0:38  Probe  
  15  0:40  Gateway  
  16  0:48  Assimilator  
  16  0:50  Probe  
  17  1:03  Probe  
  18  1:15  Probe  
  19  1:27  Cybernetics Core  
  19  1:29  Gateway  
  19  1:33  Probe  
  20  1:42  Pylon  
  20  1:52  Nexus  
  20  1:56  Probe  
  21  2:07  Assimilator  
  21  2:08  Probe  
  22  2:10  Warp Gate  
  22  2:20  Probe  
  23  2:27  Adept  
  23  2:29  Adept  
  27  2:33  Pylon  
  27  2:36  Probe (Chrono Boost)  
  28  2:47  Probe (Chrono Boost)  
  29  2:51  Probe (Chrono Boost)  
  29  2:54  Twilight Council  
  30  3:01  Stalker  
  30  3:03  Probe  
  30  3:04  Probe  
  34  3:15  Probe  
  34  3:16  Probe  
  36  3:27  Probe  
  36  3:28  Probe  
  38  3:34  Dark Shrine  
  38  3:39  Probe  
  38  3:40  Probe  
  40  3:42  Charge  
  40  3:51  Probe  
  40  3:52  Probe  
  42  4:03  Probe  
  42  4:04  Probe  
  42  4:05  Pylon  
  42  4:09  Pylon  
  44  4:15  Probe  
  44  4:17  Probe  
  46  4:19  Gateway  
  46  4:24  Zealot x2  
  46  4:26  Gateway  
  46  4:27  Gateway, Probe  
  46  4:29  Probe, Templar Archives  
  52  4:33  Assimilator  
  52  4:35  Assimilator  
  52  4:42  Probe x2  
  54  4:52  Zealot  
  54  4:53  Zealot  
  54  4:54  Probe  
  54  4:57  Pylon  
  54  4:59  Probe  
  60  5:06  Probe  
  61  5:11  Probe  
  62  5:14  High Templar x2  
  62  5:17  High Templar  
  62  5:18  Probe  
  69  5:23  Probe  
  70  5:30  High Templar, Probe  
  70  5:34  High Templar  
  70  5:35  Probe, Archon  
  76  5:36  Archon  
  76  5:43  Probe  
  76  5:47  Probe  
  78  5:54  Pylon  
  78  5:55  Pylon  
  78  5:58  Pylon  
  78  6:04  Probe x2  
  78  6:15  High Templar  
  78  6:16  Probe  
  81  6:22  Archon  
  81  6:23  Zealot x3  
  87  6:27  Shield Battery  
  87  6:28  Nexus  
  87  6:30  Pylon  
  87  6:46  Pylon  
  87  6:49  Zealot  
  87  6:50  Zealot x2  
  87  6:51  Forge  
  87  6:52  Zealot  
  95  7:01  Gateway  
  95  7:02  Gateway  
  95  7:03  Probe x2  
  95  7:04  Gateway x2  
  97  7:14  Zealot x4  
  97  7:15  Probe x2  
  93  7:36  High Templar x2  
  91  7:37  High Templar x2  
  91  7:38  Probe  
  91  7:39  Probe  
  91  7:43  Archon  
  97  7:44  Archon  
  97  7:49  Pylon  
  97  7:50  Probe  
  97  7:51  Probe  
  97  8:00  High Templar x4  
  97  8:04  Archon x2  
Show
View Real Time Build Order
Export as new Build Order

VaeVictisSC Zerg - Winner!

Build Orders: Hatch First 

Get SALT Encoding   

  12  0:00  Drone  
  13  0:12  Overlord  
  13  0:19  Drone  
  14  0:26  Extractor, Drone  
  15  0:30  Drone  
  16  0:50  Hatchery  
  16  0:52  Drone  
  16  0:56  Drone  
  17  1:00  Drone  
  18  1:09  Extractor  
  17  1:15  Spawning Pool  
  17  1:17  Drone  
  17  1:21  Drone  
  18  1:29  Drone  
  19  1:38  Drone  
  20  1:55  Drone  
  21  2:07  Hatchery  
  21  2:08  Zergling x4  
  22  2:09  Queen  
  24  2:16  Queen  
  24  2:22  Metabolic Boost  
  26  2:25  Drone  
  27  2:31  Overlord  
  27  2:35  Drone  
  28  2:39  Overlord  
  28  2:59  Queen x2  
  28  3:04  Drone x3  
  35  3:13  Drone, Overlord  
  35  3:14  Drone  
  38  3:27  Drone x4  
  41  3:37  Lair, Roach Warren  
  40  3:59  Drone x6  
  46  4:03  Extractor, Queen  
  46  4:08  Drone x3  
  50  4:10  Overlord  
  50  4:11  Overlord  
  50  4:17  Extractor, Pneumatized Carapace  
  49  4:24  Drone  
  50  4:36  Overseer  
  50  4:39  Roach x2  
  50  4:42  Zergling x6  
  50  4:43  Zergling x8  
  61  4:56  Drone x2  
  61  4:57  Drone x3  
  66  5:23  Overlord  
  66  5:24  Overlord x4  
  66  5:44  Roach, Drone x3  
  66  5:45  Roach x8  
  66  5:49  Glial Reconstitution  
  87  5:53  Evolution Chamber  
  86  6:00  Overseer  
  86  6:06  Drone x11  
  96  6:15  Roach x2  
  100  6:20  Queen x2  
  100  6:22  Queen  
  106  6:34  Overlord x4  
  106  6:40  Overlord x5  
  106  7:04  Roach x12  
  122  7:25  Roach x5  
  122  7:26  Roach x6  
  134  7:40  Roach x4  
  142  7:48  Roach x3  
Tags
 
Add a new tag
Caveats
  • Supply blocks, unpowered buildings, or Contaminate may cause inaccurate times.
  • Supply counts are checked every 10 seconds.